 Dungeon Crawl Stone Soup version 0.25-a0-94-g9e23508adf (webtiles) character file.

Game seed: 6676517239365138093, levelgen mode: deterministic

376 Napalmbreeze the Sneak (level 6, 0/43 HPs)
             Began as an Octopode Assassin on Nov 11, 2019.
             Slain by a bullfrog skeleton (6 damage)
             ... on level 4 of the Dungeon.
             The game lasted 00:06:05 (4344 turns).

Napalmbreeze the Sneak (Octopode Assassin)          Turns: 4344, Time: 00:06:06

Health: 0/43       AC:  1    Str: 11    XL:     6   Next: 73%
Magic:  6/6        EV: 14    Int: 13    God:
Gold:   171        SH:  0    Dex: 15    Spells: 5/5 levels left

rFire    . . .     SeeInvis .   a - +2 dagger
rCold    . . .     Gourm    .   (no shield)
rNeg     . . .     Faith    .   (helmet restricted)
rPois    .         Spirit   .   t - amulet of harm
rElec    .         Reflect  .   l - ring of flight
rCorr    .         Harm     +   (no ring)
MR       .....                  (no ring)
Stlth    +++++.....             (no ring)
HPRegen  0.14/turn              (no ring)
MPRegen  0.10/turn              (no ring)
                                (no ring)
                                (no ring)

@: no status effects
A: almost no armour, stealthy swim, amphibious, 8 rings, constrict 8, camouflage
1, gelatinous body 1
a: Evoke Flight


You were on level 4 of the Dungeon.
You were hungry.

You visited 1 branch of the dungeon, and saw 4 of its levels.

You collected 171 gold pieces.

Inventory:

Hand Weapons
 a - a +2 dagger (weapon)
Missiles
 b - 55 poisoned darts (quivered)
 c - 9 curare-tipped darts
Jewellery
 l - a ring of flight (left tentacle)
 t - an amulet of harm (around mantle)
Scrolls
 i - a scroll of remove curse {unknown}
 j - a scroll of amnesia {unknown}
 k - 7 scrolls of identify {unknown}
 p - a scroll of magic mapping {unknown}
Potions
 e - a potion of haste {unknown}
 f - a potion of heal wounds {unknown}
 g - 3 potions of lignification {unknown}
 h - a potion of brilliance {unknown}
 m - a potion of might {unknown}
 n - 3 potions of resistance {unknown}
 q - 2 potions of mutation {unknown}
 r - 2 potions of berserk rage {unknown}
 s - a potion of curing {unknown}
Comestibles
 d - 9 rations


   Skills:
 - Level 4.0 Fighting
 + Level 3.7 Short Blades
 - Level 2.0 Throwing
 + Level 3.2 Dodging
 + Level 7.0 Stealth


You had 5 spell levels left.
You didn't know any spells.
Your spell library was empty.

Dungeon Overview and Level Annotations

Branches:
Dungeon (4/15)
 Temple: D:4-7

Altars:
Sif Muna

Shops:
D:4 %


Innate Abilities, Weirdness & Mutations

You cannot wear most types of armour.
You are very stealthy in the water. (Stealth+)
You are amphibious.
You can wear up to eight rings at the same time.
You can use your tentacles to constrict eight enemies at once.
Your skin changes colour to match your surroundings (Stealth+).
Your rubbery body absorbs attacks. (AC +1, EV +1)


Message History

You hit the worker ant. You squeeze the worker ant.
You kill the worker ant!
Your Stealth skill increases to level 7!
You constrict the bullfrog skeleton.
The bullfrog skeleton closely misses you.
Unknown command.
You hit the bullfrog skeleton.
The bullfrog skeleton is moderately damaged.
You constrict the bullfrog skeleton. The bullfrog skeleton hits you.
* * * LOW HITPOINT WARNING * * *
Unknown command.
You completely miss the bullfrog skeleton.
The bullfrog skeleton is heavily damaged.
You constrict the bullfrog skeleton.
The bullfrog skeleton barely misses you.
Unknown command.
You hit the bullfrog skeleton.
The bullfrog skeleton is severely damaged.
You constrict the bullfrog skeleton. The bullfrog skeleton hits you.
You die...

........## ...#.......... .#
...#...#...... .
.........##.%.##. ##
..........##..... .## #
...#.)..........# ...#..
)...............##......
.....##..........Z......
..#..# #........@†..........#
..#..####........†......a....
.......###.......)...........
...............###...##.....#
.....#.#.......#......#....
.....#...................
##...............#.....#
...#...#.........# ##<###...
..##...#........####........#


You could see a bullfrog skeleton.

Vanquished Creatures
  A hound (D:4)
  An orc priest (D:4)
  An orc wizard (D:4)
  5 worker ants
  5 adders
  An ooze (D:2)
  2 worms (D:2)
  5 dart slugs (D:1)
  2 leopard geckos (D:3)
  8 orcs
  4 ball pythons
  6 bats
  3 giant cockroaches
  11 goblins
  8 hobgoblins
  13 jackals
  10 kobolds
  2 quokkas
  4 frilled lizards
  7 rats
99 creatures vanquished.

Notes
Turn   | Place    | Note
-------+----------+-------------------------------------------
     0 | D:1      | Napalmbreeze the Octopode Assassin began the quest for the
                  | Orb.
     0 | D:1      | Reached XP level 1. HP: 14/14 MP: 1/1
   133 | D:1      | Reached XP level 2. HP: 18/19 MP: 2/2
   579 | D:1      | Reached XP level 3. HP: 22/25 MP: 3/3
  1301 | D:2      | Found a shimmering blue altar of Sif Muna.
  1602 | D:2      | Reached XP level 4. HP: 31/31 MP: 4/4
  1843 | D:2      | Reached skill level 6 in Stealth
  2305 | D:3      | Found a faded altar of an unknown god.
  2633 | D:3      | Reached XP level 5. HP: 35/36 MP: 5/5
  2680 | D:3      | You fall into a shaft and drop 1 floor!
  3472 | D:4      | Found Tasohet's Food Shop.
  3548 | D:4      | Reached XP level 6. HP: 21/43 MP: 6/6
  4341 | D:4      | Reached skill level 7 in Stealth
  4344 | D:4      | Slain by a bullfrog skeleton

Levels and vault maps discovered:
D:1:      matt_arrival_diagonals, layout_basic, minmay_bisected
D:2:      minmay_diamond_boxcup, layout_loops_corners,
          overflow_temple_1_default, minmay_cupped
D:3:      layout_loops_corners, chequers_ecumenical_altar_simple, first_ration
D:4:      layout_cave_pools, serial_shops, shop

Skill      XL: |  1  2  3  4  5  6 |
---------------+-------------------+-----
Fighting       | 3 4 |  4.0
Dodging        | 2 3 |  3.2
Stealth        | 6 7 |  7.0
Short Blades   | 3 |  3.7
Throwing       | |  2.0

Action                   |  1- 3 |  4- 6 || total
-------------------------+-------+-------++-------
Melee: Dagger            |    69 |   137 ||   206
       Constrict         |    17 |    30 ||    47
       Tentacles         |     4 |    33 ||    37
 Stab: Sleeping          |    10 |    22 ||    32
       Distracted        |       |     1 ||     1
  Eat: Chunk             |     2 |     8 ||    10
Armor: Skin              |     5 |     2 ||     7
Dodge: Dodged            |    26 |    73 ||    99

Table legend:
 A = Non-vault XP
 B = Vault XP
 C = Vault XP percentage of total XP
 D = Non-vault monster count
 E = Vault monster count
 F = Vault count percentage of total count
                 A         B        C        D         E       F
            +---------+---------+-------+---------+---------+-------
      Total |     513 |      25 |   4.6 |      84 |      15 |  15.2
            +---------+---------+-------+---------+---------+-------
        D:1 |      55 |       5 |   8.3 |      25 |       3 |  10.7
        D:2 |      64 |      20 |  23.8 |      13 |      12 |  48.0
        D:3 |     125 |       0 |   0.0 |      32 |       0 |   0.0
        D:4 |     269 |       0 |   0.0 |      14 |       0 |   0.0
            +---------+---------+-------+---------+---------+-------
